 Dungeon Crawl Stone Soup version 0.23.2-1-ga50397a (webtiles) character file.

Game seed: 9337327376701242422

217 sankara the Chopper (level 5, -2/47 HPs)
             Began as a Hill Orc Fighter on May 29, 2019.
             Slain by a gnoll
             ... wielding a +2 spear of electrocution
              (4 damage)
             ... on level 3 of the Dungeon.
             The game lasted 00:13:16 (2750 turns).

sankara the Chopper (Hill Orc Fighter)              Turns: 2750, Time: 00:13:16

Health: -2/47      AC:  9    Str: 25    XL:     5   Next: 94%
Magic:  5/5        EV:  4    Int:  8    God:
Gold:   207        SH:  0    Dex: 10    Spells: 4/4 levels left

rFire    . . .     SeeInvis .   a - +1 war axe
rCold    . . .     Gourm    .   c - +0 shield
rNeg     . . .     Faith    .   j - +0 scale mail
rPois    +         Spirit   .   (no helmet)
rElec    .         Reflect  .   q - +1 cloak
rCorr    .         Harm     .   (no gloves)
MR       .....                  (no boots)
Stlth    ..........             (no amulet)
HPRegen  0.15/turn              u - ring of poison resistance {rPois, !d}
MPRegen  0.09/turn              (no ring)

@: confused, mighty, lethally poisoned (-2 -> -5), held
A: no striking features
a: no special abilities


You were on level 3 of the Dungeon.
You were very hungry.

You visited 1 branch of the dungeon, and saw 3 of its levels.

You collected 207 gold pieces.

Inventory:

Hand Weapons
 a - a +1 war axe (weapon)
 b - a +0 hunting sling
   (You took it off a goblin on level 2 of the Dungeon)
 k - a +0 dagger
   (You took it off a goblin on level 2 of the Dungeon)
 p - a +3 dagger
   (You found it on level 2 of the Dungeon)
Missiles
 i - 79 stones (quivered)
Armour
 c - a +0 shield (worn)
 j - a +0 scale mail (worn)
 q - a +1 cloak (worn)
   (You found it on level 2 of the Dungeon)
Jewellery
 u - a ring of poison resistance (left hand) {rPois, !d}
   (You took it off a goblin on level 3 of the Dungeon)
Scrolls
 g - a scroll of enchant weapon
 l - a scroll of enchant armour
 m - a scroll of blinking {!r}
Potions
 d - a potion of might
 h - a potion of invisibility {unknown}
 o - a potion of heal wounds {unknown}
 t - a potion of magic {unknown}
 v - a potion of curing {unknown}
Comestibles
 f - 9 rations


   Skills:
 + Level 4.5 Fighting
 * Level 5.2 Axes
 + Level 1.2 Throwing
 + Level 4.1 Armour
 + Level 4.2 Shields


You had 4 spell levels left.
You didn't know any spells.
Your spell library was empty.

Dungeon Overview and Level Annotations

Branches:
Dungeon (3/15)

Altars:
Qazlal
Trog
Vehumet

Annotations:
D:3 1 transporter, Elouann's ghost, amateur HOFi


Message History

You enter the shallow water.
Moving in this stuff is going to be slow.
The gnoll shouts!
Elouann's ghost whispers, "You will understand me better in a moment."
You enter the shallow water.
Moving in this stuff is going to be slow.
The gnoll sergeant shouts!
The gnoll shouts!
You are feeling hungry.
Partly explored, unvisited transporter.
Partly explored, unvisited transporter.
There is a stone staircase leading up here.
The gnoll sergeant shouts!
The gnoll shouts!
You hear a shout!
You see here a scale mail.
The gnoll shouts!
The gnoll shouts!
There is a transporter here.
a - a +0 war axe (weapon)
Blink to where?
Press: ? - help, Dir - move target cursor You are very lightly contaminated with residual magic.
As you read the scroll labeled IMEIZU FYGEV, it crumbles to dust.
It was a scroll of blinking.
There is a transporter here.
As you read the scroll labeled MEMOAC XIPNAN, it crumbles to dust.
It is a scroll of enchant weapon.
Your +0 war axe glows red for a moment.
As you read the scroll labeled TAGESCH XOOBU, it crumbles to dust.
It is a scroll of enchant armour.
Your +0 cloak glows green for a moment.
As you read the scroll labeled IRUS JEL TADGHE, it crumbles to dust.
You feel strangely unstable.
It was a scroll of teleportation.
You enter the transporter and appear at another place.
You closely miss the gnoll. You hit the plant. You block the gnoll's attack.
The gnoll hits you but does no damage.
You hit the gnoll.
The gnoll is lightly wounded.
You hit the plant but do no damage.
Your surroundings suddenly seem different.
(D) Dungeon
Where to? (Enter - D:3 @ (x,y), ? - help)
Okay, then.
Your magical contamination has completely faded away.
(D) Dungeon
Where to? (Enter - D:3 @ (x,y), ? - help)
You see here a +0 dagger.
You are feeling very hungry.
(D) Dungeon
Where to? (Enter - D:3 @ (x,y), ? - help)
The gnoll shouts!
You hear a shout!
The gnoll shouts!
You hear a shout! x2
There is a transporter here.
As you read the scroll labeled IWNOKL GIBBA, it crumbles to dust.
You assume a fearsome visage.
Nothing appears to happen.
It was a scroll of fear.
As you read the scroll labeled ROESHE SUTIUKK, it crumbles to dust.
You feel momentarily disoriented.
It was a scroll of magic mapping.
As you read the scroll labeled YZOM IRUOTOI, it crumbles to dust.
The air around you briefly surges with heat, but it dissipates.
It was a scroll of immolation.
You enter the transporter and appear at another place.
You barely miss the gnoll. You hit the plant.
You destroy the plant!
You block the gnoll's attack.
The gnoll zaps a wand.
You resist with some effort. The gnoll hits you but does no damage.
You slash the gnoll!
The gnoll is severely wounded.
The gnoll zaps a wand.
You resist with some effort. The gnoll barely misses you.
The gnoll zaps a wand.
You resist with some effort.
You slash the gnoll!
You kill the gnoll!
The gnoll hits you from afar with a +0 halberd!
The gnoll shouts!
The gnoll barely misses you.
The gnoll throws a throwing net.
The throwing net hits you.
You become entangled in the net!
You see here a throwing net {=f, !d}.
You are held in a net!
You struggle against the net.
The gnoll hits you with a +0 halberd! The gnoll hits you but does no damage.
You are electrocuted!
You feel very mighty all of a sudden.
The gnoll sergeant hits you from afar with a +0 trident of venom!
* * * LOW HITPOINT WARNING * * *
The gnoll zaps a wand.
Your will is overpowered!
You are confused.
The gnoll zaps a wand.
Your will is overpowered!
You are more confused.
The gnoll hits you but does no damage.
It was a potion of ambrosia.
You are more confused.
You feel invigorated. The gnoll hits you with a +0 flail.
* * * LOW HITPOINT WARNING * * *
The gnoll sergeant hits you from afar with a +0 trident of venom.
* * * LOW HITPOINT WARNING * * *
You are poisoned.
The gnoll hits you with a +0 halberd.
* * * LOW HITPOINT WARNING * * *
The gnoll hits you from afar with a +2 spear of electrocution.
You die...

#...[.........................#
#..≈≈≈≈≈≈≈≈≈≈≈...≈≈≈≈≈≈≈≈≈≈≈..#
#..≈≈≈≈≈≈≈≈≈≈≈...≈≈≈≈≈≈≈≈≈≈≈..#
#..≈≈#####...........#####≈≈..#
#..≈≈#g..#.###.©.###.#...#≈≈..#
#..≈≈#...###g#####g###...#≈≈..#
#..≈≈###..Wg...gg......###≈≈..#
#..≈≈.8#.##'###g######.#8.≈≈..#
#..≈≈.##.#P..#g@8#$.$#.##.≈≈..#
##..≈≈.#g.'...g)©⌠#:.$'..#.≈≈.[#
....≈≈.##.#P..#.g8#W.$#.##.≈≈..#
....≈≈.8#.##'###'######.#8.≈≈..#
....≈≈###...g...........###≈≈..#
.##.≈≈#...###g#####g###...#≈≈..#
.##.≈≈#...#.###.©.###.#.!.#≈≈..#
.##.≈≈#####...........#####≈≈..#
....≈≈≈≈≈≈≈≈≈≈≈≈≈≈≈≈≈≈≈≈≈≈≈≈≈..#


You could see a gnoll sergeant and 5 gnolls.

Vanquished Creatures
  A scorpion (D:3)
  A gnoll (D:3)
  9 adders
  An ooze (D:2)
  A worm (D:3)
  4 dart slugs
  2 leopard geckos
  6 bats
  3 giant cockroaches
  8 goblins
  7 hobgoblins
  4 jackals
  A quokka (D:3)
  A ball python (D:2)
  6 frilled lizards
  5 kobolds
  6 rats
  A plant (D:3)
67 creatures vanquished.

Vanquished Creatures (others)
  3 plants (D:3)
3 creatures vanquished.

Grand Total: 70 creatures vanquished

Notes
Turn   | Place    | Note
-------+----------+-------------------------------------------
     0 | D:1      | sankara the Hill Orc Fighter began the quest for the Orb.
     0 | D:1      | Reached XP level 1. HP: 19/19 MP: 1/1
    49 | D:1      | Reached skill level 3 in Axes
    75 | D:1      | Reached XP level 2. HP: 25/27 MP: 2/2
   354 | D:1      | Reached XP level 3. HP: 31/33 MP: 3/3
   488 | D:2      | Reached skill level 4 in Fighting
   617 | D:2      | Reached skill level 4 in Axes
   623 | D:2      | HP: 8/33 [poisoned by an adder]
   625 | D:2      | Reached XP level 4. HP: 8/40 MP: 4/4
   629 | D:2      | HP: 6/40 [poisoned by an adder]
   637 | D:2      | HP: 5/40 [poisoned by an adder]
   645 | D:2      | HP: 4/40 [poisoned by an adder]
  1224 | D:2      | Found a bloodstained altar of Trog.
  1663 | D:3      | Reached XP level 5. HP: 40/46 MP: 5/5
  1745 | D:3      | Reached skill level 4 in Shields
  1869 | D:3      | Found a stormy altar of Qazlal.
  1901 | D:3      | Reached skill level 4 in Armour
  2145 | D:3      | Reached skill level 5 in Axes
  2145 | D:3      | Reached skill level 1 in Throwing
  2192 | D:3      | Found a radiant altar of Vehumet.
  2360 | D:3      | Identified the +3 buckler of Zucy {rElec rF+ Dex+6}
  2370 | D:3      | Found a transporter.
  2371 | D:3      | Found a transporter.
  2486 | D:3      | Noticed Elouann's ghost (amateur HOFi)
  2749 | D:3      | HP: 6/47 [gnoll sergeant/+0 trident of venom (10)]
  2750 | D:3      | HP: 2/47 [gnoll/+0 halberd (2)]
  2750 | D:3      | Slain by a gnoll

Skill      XL: |  1  2  3  4  5 |
---------------+----------------+-----
Axes           | 3 4 5 |  5.2
Fighting       | 4 |  4.5
Shields        | 4 |  4.2
Armour         | 4 |  4.1
Throwing       | 1 |  1.2

Action                   |  1- 3 |  4- 6 || total
-------------------------+-------+-------++-------
Melee: War axe           |    95 |    85 ||   180
 Fire: Hunting sling     |     6 |    54 ||    60
  Use: Scroll            |       |     7 ||     7
       Potion            |       |     2 ||     2
  Eat: Chunk             |       |     5 ||     5
Armor: Scale mail        |    48 |    36 ||    84
Dodge: Dodged            |    23 |    31 ||    54
Block: Shield            |    58 |    45 ||   103

Levels and vault maps discovered:
D:1:      elethiomel_arrival_shortcut, layout_basic
D:2:      layout_rooms, bloody_trog, first_ration
D:3:      layout_loops_ring, vehumet_crystals, grunt_qazlal_clouds,
          gammafunk_ghost_gnarly_gnolls, corexii_leaking_fountain,
          bh_walls_and_bars

Table legend:
 A = Turns spent in this place as a percentage of turns spent in the entire game.
 B = Non-inter-level travel turns spent in this place as a percentage of non-inter-level travel turns spent in the entire game.
 C = Inter-level travel turns spent in this place as a percentage of turns spent in this place.
 D = Turns resting spent in this place as a percentage of non-inter-level travel turns spent in this place.
 E = Turns spent auto-exploring this place as a percentage of non-inter-level travel turns spent in this place.
 F = Non-inter-level travel turns spent in this place divided by the number of levels of this place that you've seen.
                   A       B       C       D       E      F
               +-------+-------+-------+-------+-------+----------------------
         Total | 100.0 | 100.0 |  11.2 |  19.7 |  41.2 | 813.7
       Dungeon | 100.0 | 100.0 |  11.2 |  19.7 |  41.2 | 813.7
               +-------+-------+-------+-------+-------+----------------------

Table legend:
 A = Kills in this place as a percentage of kills in entire the game.
 B = Kills by you in this place as a percentage of kills by you in the entire game.
 C = Kills by friends in this place as a percentage of kills by friends in the entire game.
 D = Other kills in this place as a percentage of other kills in the entire game.
 E = Experience gained in this place as a percentage of experience gained in the entire game.
 F = Experience gained in this place divided by the number of levels of this place that you have seen.
                   A       B       C       D       E      F
               +-------+-------+-------+-------+-------+----------------------
         Total | 100.0 | 100.0 |   N/A |   N/A | 100.0 | 103.3
       Dungeon | 100.0 | 100.0 |   N/A |   N/A | 100.0 | 103.3
               +-------+-------+-------+-------+-------+----------------------
